 Dungeon Crawl Stone Soup version 0.30.1-11-g7821555f0a (webtiles) character file.

Game seed: 15813039216755410593

1414 Jerry the Ruffian (level 8, 0/79 HPs)
             Began as a Troll Fighter on Dec 12, 2023.
             Was an Initiate of the Shining One.
             Slain by an orc warrior
             ... wielding a +0 morningstar
              (21 damage)
             ... on level 5 of the Dungeon.
             The game lasted 00:12:03 (3944 turns).

Jerry the Ruffian (Troll Fighter)                   Turns: 3944, Time: 00:12:03

Health: 0/79       AC:  4    Str: 25    XL:     8   Next: 43%
Magic:  7/7        EV: 10    Int:  4    God:    the Shining One [......]
Gold:   312        SH:  9    Dex: 11    Spells: 7/7 levels left

rFire   . .          .
                       - Unarmed
rCold   . . .        b - +0 kite shield
rNeg    . . .        a - +0 robe
rPois   .            (helmet restricted)
rElec   .            (no cloak)
rCorr   .            (gloves unavailable)
SInv    .            (boots unavailable)
Will    .....        (no amulet)
Stlth   +            (no ring)
HPRegen 1.13/turn    (no ring)
MPRegen 0.10/turn

%: no passive effects
@: mighty, glowing
A: large, unfitting armour, claws 3, regeneration 1, shaggy fur 1, tough skin 1
a: Renounce Religion


You were on level 5 of the Dungeon.
You worshipped the Shining One.
The Shining One was noncommittal.
You visited 2 branches of the dungeon, and saw 6 of its levels.

You collected 312 gold pieces.

Inventory:

Armour
 a - a +0 robe (worn)
 b - a +0 kite shield (worn)
Jewellery
 n - a ring of fire
Wands
 p - a wand of mindburst (8)
 v - a wand of flame (11)
Scrolls
 d - a scroll of enchant armour {unknown}
 f - a scroll of fog {unknown}
 h - 2 scrolls of noise {unknown}
 i - a scroll of vulnerability {unknown}
 o - 3 scrolls of teleportation {unknown}
 s - 2 scrolls of identify {unknown}
 t - a scroll of brand weapon {unknown}
 u - a scroll of enchant weapon {unknown}
Potions
 c - a potion of might
 e - a potion of magic {unknown}
 g - 3 potions of curing {unknown}
 j - a potion of haste {unknown}
 k - 2 potions of cancellation {unknown}
 l - 3 potions of mutation {unknown}
 m - 2 potions of brilliance {unknown}
 q - a potion of lignification {unknown}
 r - 3 potions of heal wounds {unknown}


   Skills:
 + Level 4.5 Fighting
 + Level 4.5 Dodging
 + Level 5.0 Shields
 + Level 6.7 Unarmed Combat
 + Level 1.2 Invocations


You had 7 spell levels left.
You didn't know any spells.
Your spell library contained the following spells:

 Spells                   Type           Power      Damage    Failure   Level
 Summon Small Mammal      Summ           0%         N/A       75%         1
 Call Canine Familiar     Summ           0%         N/A       98%         3
 Portal Projectile        Hex/Tloc       0%         N/A       98%         3
 Summon Guardian Golem    Hex/Summ       0%         N/A       98%         3
 Leda's Liquefaction      Hex/Erth       0%         N/A       100%        4


Dungeon Overview and Level Annotations

Branches:
Dungeon (5/15)             Temple (1/1) D:5

Altars:
Ashenzari
Cheibriados
Dithmenos
Fedhas
Gozag
Hepliaklqana
Kikubaaqudgha
Makhleb
Nemelex Xobeh
Okawaru
Qazlal
Ru
Sif Muna
Trog
Uskayaw
Vehumet
Wu Jian
Xom
Yredelemnul
Zin
The Shining One

Shops:
D:4 =

Annotations:
D:5 Menkaure


Innate Abilities, Weirdness & Mutations

You are too large for most types of armour.
You have claws for hands.
Your natural rate of healing is unusually fast.
You are covered in fur. (AC +1)
You have tough skin. (AC +1)


Message History

The sleepcap is heavily damaged.
The sleepcap releases spores at you.
You are engulfed in a cloud of soporific spores!
You fall asleep.
The sleepcap releases spores at you!
You wake up.
You mangle the sleepcap!!
You destroy the sleepcap!
Your Shields skill increases to level 5!
Found 18 gold pieces.
There is a stone staircase leading down here.
You now have 301 gold pieces (gained 7).
You now have 312 gold pieces (gained 11).
An orc comes into view. It is wielding a +0 club.
The orc shouts!
You mangle the orc!!
You kill the orc!
No target in view!
No target in view!
An orc warrior is nearby!
The orc warrior shoots a bolt.
The bolt hits you!
The orc warrior unwields a +0 arbalest.
The orc warrior wields a +0 morningstar.
The orc warrior barely misses you.
You scratch the orc warrior but do no damage.
The orc warrior drinks a potion.
The orc warrior goes berserk!
You scratch the orc warrior but do no damage.
The orc warrior hits you with a +0 morningstar!!
You are too injured to fight recklessly!
You are too injured to fight recklessly!
You are too injured to fight recklessly!
You are too injured to fight recklessly!
You closely miss the orc warrior. You block the orc warrior's attack. x2
You barely miss the orc warrior.
The orc warrior hits you with a +0 morningstar!!
Okay, then.
The orc warrior hits you with a +0 morningstar!
* * * LOW HITPOINT WARNING * * *
You feel very mighty all of a sudden.
The orc warrior hits you with a +0 morningstar!!
You die...

...................##..........#.
....................##.....##....
...........##...........#.####.##
...........(...............#...#.
.......###..........#............
......## #.........##..#....#....
.......###..........#.##....#....
#............#.........##........
#..###......##..@..##.......##...
##..# ........o...##....##. #..#
#..## #......#....####...# #..
...## #...........# .### .. ....#
#.....##....# .# ....#
#............# .#
M#..###..[...##......
#...#.##...## #.......
.#.........####.......#


You could see an orc warrior (berserk).

Vanquished Creatures
  Grinder (D:5)
  Sigmund (D:3)
  A water moccasin (D:5)
  2 phantoms
  4 scorpions
  2 jellies (D:5)
  An orc priest (D:3)
  2 hounds
  3 sleepcaps
  Terence (D:2)
  3 iguanas
  2 orc wizards
  3 gnolls (D:4)
  6 adders
  A white imp (D:4)
  A worm (D:2)
  3 dart slugs
  14 orcs
  5 endoplasms
  3 giant cockroaches
  10 goblins
  6 hobgoblins
  4 jackals (D:1)
  4 quokkas
  2 ball pythons
  7 bats
  2 frilled lizards (D:1)
  9 kobolds
  3 rats
106 creatures vanquished.

Vanquished Creatures (others)
  An orc (D:5)
1 creature vanquished.

Grand Total: 107 creatures vanquished

Notes
Turn   | Place    | Note
-------+----------+-------------------------------------------
     0 | D:1      | Jerry the Troll Fighter began the quest for the Orb.
     0 | D:1      | Reached XP level 1. HP: 22/22 MP: 0/0
   113 | D:1      | Reached XP level 2. HP: 28/29 MP: 1/1
   875 | D:1      | Reached XP level 3. HP: 36/36 MP: 2/2
  1298 | D:2      | Identified the +1 sling of Sharkskin {flame, rElec rC+}
  1454 | D:2      | Reached skill level 3 in Unarmed Combat
  1465 | D:2      | Noticed Terence
  1473 | D:2      | Killed Terence
  1474 | D:2      | Reached XP level 4. HP: 42/44 MP: 3/3
  1876 | D:3      | Noticed Sigmund
  1876 | D:3      | Noticed a phantom
  1892 | D:2      | Killed a phantom
  1893 | D:2      | Reached XP level 5. HP: 32/53 MP: 4/4
  2053 | D:3      | Reached skill level 4 in Unarmed Combat
  2319 | D:3      | Killed Sigmund
  2320 | D:3      | Reached XP level 6. HP: 61/61 MP: 5/5
  2417 | D:4      | Found a glowing silver altar of Zin.
  2428 | D:4      | Reached skill level 5 in Unarmed Combat
  2504 | D:4      | Reached XP level 7. HP: 49/67 MP: 6/6
  2914 | D:4      | Found Ydis's Jewellery Shoppe.
  3137 | D:5      | Entered Level 5 of the Dungeon
  3190 | D:5      | Noticed Menkaure
  3276 | D:5      | Noticed Grinder
  3357 | D:5      | Paralysed by Grinder for 2 turns
  3359 | D:5      | Killed Grinder
  3360 | D:5      | Reached skill level 6 in Unarmed Combat
  3369 | D:5      | Reached XP level 8. HP: 78/78 MP: 7/7
  3422 | D:5      | Found a staircase to the Ecumenical Temple.
  3428 | Temple   | Entered the Ecumenical Temple
  3616 | Temple   | Became a worshipper of the Shining One
  3760 | D:5      | Reached skill level 1 in Invocations
  3843 | D:5      | Reached skill level 5 in Shields
  3944 | D:5      | Slain by an orc warrior

Illustrated notes

Levels and vault maps discovered:
D:1:      reono_arrival_mine, layout_basic, serial_forest,
          infiniplex_forest_clump_C, infiniplex_forest_straight_5,
          infiniplex_forest_clump_curved, infiniplex_forest_end_2,
          infiniplex_forest_straight_4, infiniplex_forest_lined_4_way,
          patterned_corridor
D:2:      layout_basic, hex_medium, uniq_terence
D:3:      layout_rooms, uniq_sigmund
D:4:      layout_gridville, serial_shops, nicolae_shop_behind_doors,
          minmay_ruined_shrine
D:5:      layout_cave_pools, minmay_temple_entry_fiery, uniq_grinder,
          uniq_menkaure
Temple:   nicolae_temple_slightly_damp_pantheon

Skill      XL: |  1  2  3  4  5  6  7  8 |
---------------+-------------------------+-----
Shields        | 3 4 5 |  5.0
Unarmed Combat | 3 4 5 6 |  6.7
Fighting       | 3 4 |  4.5
Dodging        | 3 4 |  4.5
Invocations    | 1 |  1.2

Action                     |  1- 3 |  4- 6 |  7- 9 || total
---------------------------+-------+-------+-------++-------
  Melee: Unarmed           |   109 |   110 |   139 ||   358
    Use: Potion            |       |       |     1 ||     1
   Stab: Sleeping          |       |       |     1 ||     1
 Armour: Robe              |    30 |    39 |    19 ||    88
  Dodge: Dodged            |    33 |    46 |    62 ||   141
  Block: Kite shield       |    46 |    40 |    76 ||   162
